cohdb
Replays
Latest Replays
All Replays
Popular Replays
Top Player Replays
Match Explorer
How It Works
Community
CoH3 Stats
Reddit
Sign in to upload your games and track your stats! →
Sign in with Steam
Match 42617816
Unlisted
Match 42617816
Overview
Messages
Build Orders
End
Kettenkrad Recon Vehicle
Construct Infanterie Kompanie
MG 42 Machine Gun Team
Grenadier Squad
Grenadier Squad
Construct Luftwaffe Kompanie
Jäger Squad
Selects Luftwaffe Battlegroup
Selects Reconnaissance Run
Selects Fallschirmjäger Squad Paradrop
Fallschirmjäger Squad Paradrop
Medical Bunker
Jäger Squad
Construct Panzer Kompanie
Selects Luftwaffe Pioneer Support
Selects Stuka Loiter
Panzer IV Medium Tank
Panzer IV Medium Tank
Stuka Loiter
Nubbl0r
Wind
0
0
Comments
sign in to comment!
No comments posted yet!